 Dungeon Crawl Stone Soup version 0.28-a0-823-gb444dcf96d (webtiles) character file.

Game seed: 11495645089626570677

3529 Impy the Covert (level 9, 0/64 HPs)
             Began as a Purple Draconian Transmuter on Nov 9, 2021.
             Was a Believer of Dithmenos.
             Slain by Erica (12 damage)
             ... on level 8 of the Dungeon.
             The game lasted 00:34:39 (8887 turns).

Impy the Covert (Purple Draconian Transmuter)       Turns: 8887, Time: 00:34:40

Health: 0/64       AC: 11    Str: 19    XL:     9   Next: 82%
Magic:  12/12      EV: 12    Int: 14    God:    Dithmenos [**....]
Gold:   246        SH:  8    Dex: 20    Spells: 6/12 levels left

rFire   + . .      SeeInvis .   i - +1 dagger (vamp)
rCold   + . .      Faith    .   l - +2 buckler
rNeg    . . .      Spirit   .   (armour unavailable)
rPois   +          Reflect  .   (helmet currently unavailable)
rElec   +          Harm     .   n - +0 cloak
rCorr   +          Rampage  .   b - +2 pair of gloves {Stlth+}
Will    +....      Clarity  +   (boots currently unavailable)
Stlth   +++++++...              (no amulet)
HPRegen 0.20/turn               q - +6 ring of strength
MPRegen 0.13/turn               p - +6 ring of dexterity

@: about to teleport, appendages, resistant, wreathed by umbra
A: horns 2, talons 2, breathe power, AC +7, unfitting armour, cold-blooded,
stinger 1, clarity
a: Breathe Dispelling Energy, End Transformation, Renounce Religion, Shadow Step


You were on level 8 of the Dungeon.
You worshipped Dithmenos.
Dithmenos was pleased with you.
You had temporarily grown beastly horns and talons.
You visited 1 branch of the dungeon, and saw 8 of its levels.

You collected 502 gold pieces.
You spent 256 gold pieces at shops.

Inventory:

Hand Weapons
 i - a +1 vampiric dagger (weapon)
 o - a +2 quarterstaff of chaos
Armour
 b - a +2 pair of gloves of stealth (worn)
 k - the +0 buckler of the Barracuda {rN+ rCorr Int-3}
   (You bought it in a shop on level 2 of the Dungeon)

   Int:       It affects your intelligence (-3).
   rN:        It protects you from negative energy.
   rCorr:     It protects you from acid and corrosion.
 l - a +2 buckler (worn)
 n - a +0 cloak (worn)
Jewellery
 j - a ring of protection from cold
 p - a +6 ring of dexterity (right hand)
 q - a +6 ring of strength (left hand)
 s - a +6 ring of intelligence
Wands
 g - a wand of charming (10)
 m - a wand of digging (3)
 r - a wand of acid (7)
Scrolls
 e - a scroll of magic mapping
 f - 10 scrolls of identify
Potions
 d - 3 potions of heal wounds


   Skills:
 - Level 1.1 Fighting
 + Level 8.6 Short Blades
 - Level 1.7 Dodging
 + Level 8.7 Stealth
 - Level 5.3 Shields
 - Level 4.1 Unarmed Combat
 - Level 2.4 Spellcasting
 - Level 3.5 Transmutations


You had 6 spell levels left.
You knew the following spells:

 Your Spells              Type           Power      Damage    Failure   Level
a - Beastly Appendage     Tmut           22%        N/A       5%          1
b - Wereblood             Tmut           11%        N/A       9%          2
c - Spider Form           Tmut/Pois      6%         N/A       32%         3

Your spell library contained the following spells:

 Spells                   Type           Power      Damage    Failure   Level
 Ice Form                 Ice/Tmut       6%         N/A       73%         4


Dungeon Overview and Level Annotations

Branches:
Dungeon (8/15)             Temple (0/1) D:6
   Lair: D:8-11

Altars:
Ashenzari
Dithmenos
Nemelex Xobeh
Trog
Wu Jian
Zin

Shops:
D:2 [   D:5 ?

Annotations:
D:8 Erica


Innate Abilities, Weirdness & Mutations

You have temporarily grown beastly horns and talons.
You can breathe bolts of dispelling energy.
Your rich purple scales are hard. (AC +7)
You cannot fit into any form of body armour.
You are cold-blooded and may be slowed by cold attacks.
Your tail ends in a venomous barb.
You possess an exceptional clarity of mind.


Message History

You headbutt Erica. You tail-slap Erica.
Erica is lightly wounded.
You hit Erica but do no damage. Your kick misses Erica.
You tail-slap Erica, but do no damage.
Erica is lightly wounded.
Erica barely misses you.
You closely miss Erica. Your kick misses Erica.
Erica is lightly wounded.
You hit Erica. Your kick misses Erica.
Your tail-slap misses Erica.
Erica is lightly wounded.
Erica hits you with a +0 scimitar of flaming.
Erica burns you.
You completely miss Erica. Your kick misses Erica.
Erica is lightly wounded.
You barely miss Erica. Your kick misses Erica.
Your tail-slap misses Erica.
Erica is lightly wounded.
Erica points at you and mumbles some strange words.
The bolt of poison hits you!!
You are poisoned.
Aiming: Corrosive Bolt
Press: ? - help, Shift-Dir - straight line, f - Erica
Aim: Erica, wielding a +0 scimitar of flaming and wearing a +2 robe of the Archmagi (lightly wounded, umbra, 68% to hit)
The bolt of acid misses Erica.
You feel very sick. You block Erica's attack.
You hit Erica but do no damage. Your kick misses Erica.
Erica is lightly wounded.
You feel sick.
Erica hits you with a +0 scimitar of flaming.
Erica burns you.
You feel better.
Erica hits you with a +0 scimitar of flaming!
Erica burns you.
You feel protected.
Erica hits you with a +0 scimitar of flaming!
* * * LOW HITPOINT WARNING * * *
As you read the scroll of teleportation, it crumbles to dust.
You feel strangely unstable.
Erica hits you with a +0 scimitar of flaming!
You die...

. .. ### .### #.. ##
.$.## #.. #... #..#
#.. #...######.####
#.. #..(.......)..##
#.. #....@@...###..#
##.. #.......(.# #..#
#... #.........###.##
#.## #...........#.###
#.#
#.......).#.....####.#
#...###)#).#.........#
#... #.##.#....#..####
#..# #.##.#.......#...
#.##.......#.....


You could see Erica.

Vanquished Creatures
  A centaur zombie (D:6)
  Maggie (D:7)
  Prince Ribbit (D:5)
  3 yaks (D:8)
  A wyvern (D:7)
  Eustachio (D:4)
  A water moccasin (D:7)
  Duvessa (D:4)
  2 black bears (D:5)
  2 ice beasts (D:6)
  A sky beast (D:7)
  A necrophage (D:6)
  2 ogres
  2 centaurs (D:7)
  A kobold brigand (D:8)
  2 gnoll sergeants
  A scorpion (D:4)
  Dowan (D:4)
  2 water moccasin skeletons
  2 howler monkeys
  A jelly (D:7)
  2 orc priests
  Crazy Yiuf (D:6)
  2 centaur skeletons
  A hound (D:6)
  2 orc wizards
  7 gnolls
  10 adders
  An adder skeleton (D:4)
  A worm (D:4)
  3 dart slugs
  18 orcs
  6 ball pythons
  3 endoplasms
  2 giant cockroaches
  8 hobgoblins
  3 quokkas
  6 bats
  2 frilled lizards (D:1)
  6 goblins
  14 kobolds
  2 rats (D:1)
130 creatures vanquished.

Vanquished Creatures (others)
  A demonic plant (D:1)
1 creature vanquished.

Grand Total: 131 creatures vanquished

Notes
Turn   | Place    | Note
-------+----------+-------------------------------------------
     0 | D:1      | Impy the Draconian Transmuter began the quest for the Orb.
     0 | D:1      | Reached XP level 1. HP: 16/16 MP: 3/3
    55 | D:1      | Reached XP level 2. HP: 18/23 MP: 3/5
   167 | D:1      | Found a faded altar of an unknown god.
   167 | D:1      | Noticed a sixfirhy
   448 | D:1      | Learned a level 2 spell: Wereblood
   581 | D:1      | Gained mutation: Your tail ends in a venomous barb. [potion
                  | of mutation]
   581 | D:1      | Gained mutation: You possess an exceptional clarity of
                  | mind. [potion of mutation]
  1297 | D:2      | Reached XP level 3. HP: 28/28 MP: 4/6
  1664 | D:2      | Found Roomiont's Antique Armour Shop.
  1982 | D:3      | Found a broken altar of Ashenzari.
  1991 | D:3      | Found a bloodstained altar of Trog.
  1991 | D:3      | Found a transporter.
  2002 | D:3      | Found a glowing silver altar of Zin.
  2003 | D:3      | Found a transporter.
  2014 | D:3      | Reached XP level 4. HP: 35/35 MP: 5/7
  2162 | D:3      | Learned a level 3 spell: Spider Form
  2355 | D:3      | Found a shadowy altar of Dithmenos.
  2359 | D:3      | Became a worshipper of Dithmenos the Shadowed
  3144 | D:4      | Reached skill level 1 in Short Blades
  3144 | D:4      | Reached skill level 1 in Stealth
  3144 | D:4      | Reached XP level 5. HP: 37/40 MP: 6/8
  3229 | D:4      | Noticed Duvessa
  3231 | D:4      | Noticed Dowan
  3271 | D:4      | Killed Duvessa
  3272 | D:4      | Reached XP level 6. HP: 26/47 MP: 9/9
  3488 | D:4      | Killed Dowan
  3637 | D:4      | Noticed Eustachio
  3763 | D:4      | Killed Eustachio
  3764 | D:4      | Your scales start taking on a rich purple colour.
  3764 | D:4      | Reached XP level 7. HP: 40/52 MP: 8/10
  4564 | D:5      | Entered Level 5 of the Dungeon
  4595 | D:5      | Noticed Prince Ribbit
  4608 | D:5      | Killed Prince Ribbit
  4652 | D:5      | Reached skill level 5 in Short Blades
  4652 | D:5      | Reached skill level 5 in Stealth
  4880 | D:5      | Found Baacuotu's Magic Scroll Shop.
  5292 | D:2      | Bought an ichor-stained buckler for 256 gold pieces
  5292 | D:2      | Identified the +0 buckler of the Barracuda {rN+ rCorr
                  | Int-3} (You bought it in a shop on level 2 of the Dungeon)
  5408 | D:5      | Reached skill level 1 in Shields
  5408 | D:5      | Reached XP level 8. HP: 45/59 MP: 11/11
  5420 | D:5      | Reached * piety under Dithmenos
  5833 | D:5      | Found an ornate altar of the Wu Jian Council.
  5994 | D:6      | Found a runed translucent door.
  5995 | D:6      | Noticed Crazy Yiuf
  6011 | D:6      | Killed Crazy Yiuf
  6292 | D:6      | Reached skill level 5 in Shields
  6453 | D:6      | Found a staircase to the Ecumenical Temple.
  7135 | D:7      | Reached XP level 9. HP: 64/64 MP: 12/12
  7875 | D:7      | Noticed Maggie
  7888 | D:7      | Killed Maggie
  8439 | D:8      | Noticed Erica
  8478 | D:8      | Found a sparkling altar of Nemelex Xobeh.
  8597 | D:8      | Reached ** piety under Dithmenos
  8820 | D:8      | Identified the +1 scale mail of the Barber Surgeon {-Tele
                  | rPois Dex+3}
  8887 | D:8      | Slain by Erica

Illustrated notes

Levels and vault maps discovered:
D:1:      dpeg_arrival_simpleton_a, layout_basic,
          dreamdust_ecumenical_altar_sealed_demon
D:2:      layout_basic, serial_shops, nicolae_shop_trees
D:3:      layout_basic, gammafunk_temple_overflow_arena,
          mainiacjoe_overflow_24_doors
D:4:      layout_cave_pods, uniq_eustachio, uniq_duvessa
D:5:      layout_basic, pdpol_wu_jian_five_deadly_venoms, serial_shops, shop,
          st_stairs_7, uniq_prince_ribbit1
D:6:      layout_cave_pods, minmay_temple_entry_waves, uniq_crazy_yiuf_cottage
D:7:      layout_cave_pools, minmay_stone_trees_large, uniq_maggie
D:8:      layout_rooms, nemelex_diamond_rough_becter, uniq_erica

Skill      XL: |  1  2  3  4  5  6  7  8  9 |
---------------+----------------------------+-----
Transmutations | 3 |  3.5
Unarmed Combat | 4 |  4.1
Short Blades   | 1 2 4 5 6 8 |  8.6
Stealth        | 1 3 4 5 6 8 |  8.7
Shields        | 1 5 |  5.3
Fighting       | |  1.1
Dodging        | |  1.7
Spellcasting   | |  2.4

Action                   |  1- 3 |  4- 6 |  7- 9 || total
-------------------------+-------+-------+-------++-------
Melee: Unarmed           |   108 |    40 |     7 ||   155
       Tailslap          |     5 |    30 |    65 ||   100
       Headbutt          |     7 |    12 |    32 ||    51
       Kick              |    10 |    17 |    51 ||    78
       Punch             |     4 |     5 |     3 ||    12
       Dagger            |       |   183 |   487 ||   670
Throw: Throwing net      |       |     2 |       ||     2
 Cast: Beastly Appendage |    16 |    15 |    14 ||    45
       Wereblood         |     2 |       |       ||     2
       Spider Form       |       |       |     1 ||     1
Evoke: Wand              |       |       |     1 ||     1
  Use: Scroll            |     5 |     1 |     6 ||    12
       Potion            |     2 |     3 |    11 ||    16
 Stab: Sleeping          |     3 |     5 |    14 ||    22
       Invisible         |       |     2 |     2 ||     4
       Held in net/web   |       |     2 |       ||     2
       Distracted        |       |       |     1 ||     1
Armor: Skin              |    29 |    87 |   172 ||   288
Dodge: Dodged            |    75 |    92 |   235 ||   402
Block: Buckler           |       |       |    94 ||    94

Table legend: (Time is in decaauts)
 A = Elapsed time spent in this place.
 B = Non-inter-level travel time spent in this place.
 C = Inter-level travel time spent in this place.
 D = Time resting spent in this place.
 E = Time spent auto-exploring this place.
 F = Levels seen in this place.
 G = Mean time per level.
                   A        B        C        D        E       F      G
               +--------+--------+--------+--------+--------+-----+--------+
         Total |   8727 |   8351 |    376 |      0 |   6661 |   8 | 1090.9 |
       Dungeon |   8727 |   8351 |    376 |      0 |   6661 |   8 | 1090.9 |
               +--------+--------+--------+--------+--------+-----+--------+

Top non-repeatable levels by time:
     D:4: 1446 daAuts
     D:1: 1275 daAuts
     D:3: 1210 daAuts
     D:5: 1179 daAuts
     D:6: 1139 daAuts
     D:7: 1125 daAuts
     D:2: 739 daAuts
     D:8: 610 daAuts
